 Dungeon Crawl Stone Soup version 0.31-a0-189-ga26ba32dd1 (webtiles) character file.

Game seed: 18281504679121222424

681 qw the Skirmisher (level 7, -12/40 HPs)
             Began as a Deep Elf Hunter on June 23, 2023.
             Mangled by a water moccasin simulacrum (14 damage)
             ... on level 5 of the Dungeon.
             The game lasted 00:01:21 (4147 turns).

qw the Skirmisher (Deep Elf Hunter)                 Turns: 4147, Time: 00:01:22

Health: -12/40     AC:  8    Str: 10    XL:     7   Next: 34%
Magic:  9/9        EV: 12    Int: 14    God:
Gold:   179        SH:  0    Dex: 18    Spells: 6/6 levels left

rFire   . . .        Y - +1 shortbow (flame)
rCold   . . .        (shield currently unavailable)
rNeg    + . .        a - +2 ring mail {rN+}
rPois   .            (no helmet)
rElec   .            (no cloak)
rCorr   .            f - +0 pair of gloves
SInv    .            (no boots)
Will    .....        i - amulet of the acrobat
Stlth   +            (no ring)
HPRegen 0.26/turn    (no ring)
MPRegen 0.11/turn

%: acrobat
@: about to teleport
A: no striking features
a: no special abilities


You were on level 5 of the Dungeon.
You visited 2 branches of the dungeon, and saw 6 of its levels.

You collected 231 gold pieces.
You spent 52 gold pieces at shops.


   Skills:
 - Level 2.0 Fighting
 + Level 10.6 Ranged Weapons
 - Level 1.8 Armour
 - Level 3.8 Dodging
 - Level 1.2 Stealth


You had 6 spell levels left.
You didn't know any spells.
Your spell library was empty.

Inventory:

Hand Weapons
 Y - a +1 shortbow of flaming (weapon)
Armour
 a - a +2 ring mail of positive energy (worn)
 f - a +0 pair of gloves (worn)
Jewellery
 g - the ring of Uruwatt {Fly Slay+4}
   (You found it on level 5 of the Dungeon)

   [ring of slaying]

   Slay:      It affects your accuracy & damage with ranged weapons and melee
   (+4).
   Fly:       It grants you flight.
 i - an amulet of the acrobat (around neck)
Scrolls
 b - 3 scrolls of identify
Potions
 c - a potion of resistance
 e - a potion of heal wounds {unknown}
 h - a potion of magic {unknown}

Dungeon Overview and Level Annotations

Branches:
Dungeon (5/15)             Temple (1/1) D:4

Altars:
Ashenzari
Dithmenos
Elyvilon
Fedhas
Hepliaklqana
Kikubaaqudgha
Makhleb
Nemelex Xobeh
Qazlal
Ru
Trog
Uskayaw
Vehumet
Wu Jian
Xom
Yredelemnul
Zin
The Shining One

Shops:
D:2 *=


Message History

The hound barely misses you. x2
An adder skeleton comes into view.
You shoot an arrow. The arrow hits the hound.
The arrow burns the hound.
The hound is almost dead.
The hound barely misses you. The wyvern simulacrum bites you!
The wyvern simulacrum freezes you! The hound misses you.
You shoot an arrow. The arrow hits the hound!
The arrow burns the hound.
You kill the hound!
The wyvern simulacrum closely misses you.
The wyvern simulacrum completely misses you.
You shoot an arrow.
The arrow barely misses the wyvern simulacrum.
The arrow barely misses the howler monkey zombie.
The water moccasin simulacrum closely misses you.
The wyvern simulacrum misses you.
You shoot an arrow. The arrow hits the wyvern simulacrum.
The arrow melts the wyvern simulacrum.
The wyvern simulacrum is severely damaged.
The water moccasin simulacrum barely misses you.
The wyvern simulacrum bites you! The wyvern simulacrum freezes you!
The wyvern simulacrum bites you but does no damage.
The water moccasin simulacrum closely misses you.
4145 ||| READING scroll of teleportation.
As you read the scroll of teleportation, it crumbles to dust.
You feel strangely unstable. The howler monkey zombie misses you.
The wyvern simulacrum closely misses you.
The water moccasin simulacrum barely misses you.
You shoot an arrow. The arrow hits the wyvern simulacrum.
The arrow melts the wyvern simulacrum.
The wyvern simulacrum vaporises!
The howler monkey zombie barely misses you.
The water moccasin simulacrum closely misses you.
You shoot an arrow.
The arrow hits the water moccasin simulacrum.
The arrow melts the water moccasin simulacrum.
The water moccasin simulacrum is heavily damaged.
The water moccasin simulacrum bites you.
The water moccasin simulacrum freezes you!
You die... 7

....#...#.###..##### 7
...........#..# 7
###.#...#...#..#
.......#.###..#
#.#.......#..#######
7#.....#...#........# .
7......##..#.###....###.
77##..ZZ.....# #........
###Z@...#####........
77##..........#.......##
.##77
777.##'####..####..#......
.##.# #.#...........#
#......... .##.#
#.......#####.###....####.
.##.# #.##....#
#............... .##.#
###########...............
.##.#.#
#.......?......#..#.##
.##.#.#
#.#####..............)


You could see a water moccasin simulacrum, a howler monkey zombie and an adder
skeleton.

Vanquished Creatures
  An ice beast (D:5)
  3 phantoms
  A necrophage (D:5)
  A wyvern simulacrum (D:5)
  A hound (D:5)
  Ijyb (D:3)
  3 iguanas (D:4)
  4 adders (D:2)
  A gnoll (D:1)
  A shadow imp (D:5)
  A white imp (D:5)
  4 dart slugs
  5 orcs
  7 ball pythons
  5 endoplasms
  4 giant cockroaches
  5 goblins
  5 hobgoblins
  5 jackals (D:1)
  6 kobolds
  2 quokkas
  5 bats
  2 frilled lizards
  6 rats
79 creatures vanquished.

Notes
Turn   | Place    | Note
-------+----------+-------------------------------------------
     0 | D:1      | qw the Deep Elf Hunter began the quest for the Orb.
     0 | D:1      | Reached XP level 1. HP: 12/12 MP: 3/3
     0 | D:1      | 0 ||| qw: Version: 0.3-a-9-g12657ce
     0 | D:1      | 0 ||| qw: Game counter: 4426
     0 | D:1      | 0 ||| qw: Always use a shield: true
     0 | D:1      | 0 ||| qw: God list: Okawaru
     0 | D:1      | 0 ||| qw: Allow faded altars: false
     0 | D:1      | 0 ||| qw: Do Orc after D:15 true
     0 | D:1      | 0 ||| qw: Do second Lair branch before Depths: true
     0 | D:1      | 0 ||| qw: Lair rune preference: random
     0 | D:1      | 0 ||| qw: Plans: Normal
     0 | D:1      | 0 ||| PLANNING D:1-11
    66 | D:1      | Reached XP level 2. HP: 16/16 MP: 4/4
   183 | D:1      | Reached skill level 6 in Ranged Weapons
   279 | D:1      | Reached XP level 3. HP: 20/20 MP: 5/5
   599 | D:1      | 599 ||| UPGRADING to +0 ring mail.
   609 | D:1      | 609 ||| DROPPING +0 leather armour.
   610 | D:1      | 610 ||| UPGRADING to +0 pair of gloves.
   615 | D:1      | 615 ||| UPGRADING to amulet of the acrobat.
   620 | D:1      | 620 ||| READING scroll labelled WEWAOS SOLA.
   623 | D:1      | 623 ||| READING scroll labelled HEVUHUFIOCK.
   624 | D:1      | 624 ||| READING scroll labelled ZOSAIMM VEZU.
   625 | D:1      | 625 ||| READING scroll labelled SUNNOTUSIO.
   626 | D:1      | 626 ||| READING scroll labelled BOULEO HODOIMM.
   627 | D:1      | 627 ||| READING scroll labelled RARAIVVA ECLY.
   664 | D:1      | 664 ||| DROPPING scroll of butterflies.
   717 | D:2      | Found Taeka's Assorted Antiques.
   722 | D:2      | 722 ||| SHOPLISTING bloodstained ring mail (234 gold, have
                  | 55).
   722 | D:2      | 722 ||| SHOPLISTING fluorescent wand (104 gold, have 55).
   722 | D:2      | 722 ||| BUYING scroll labelled EFRUIRE JEOCU (26 gold).
   722 | D:2      | Bought a scroll labelled EFRUIRE JEOCU for 26 gold pieces
   722 | D:2      | 722 ||| BUYING scroll labelled EFRUIRE JEOCU (26 gold).
   722 | D:2      | Bought a scroll labelled EFRUIRE JEOCU for 26 gold pieces
   722 | D:2      | 722 ||| SHOPLISTING scroll labelled QAINER GOTOO (26 gold,
                  | have 3).
   722 | D:2      | 722 ||| SHOPLISTING scroll of identify (52 gold, have 3).
   722 | D:2      | 722 ||| SHOPLISTING sedimented puce potion (23 gold, have
                  | 3).
   722 | D:2      | 722 ||| SHOPLISTING white potion (23 gold, have 3).
   741 | D:2      | Found Xoweison's Jewellery Emporium.
   746 | D:2      | 746 ||| SHOPLISTING +5 ring of evasion (360 gold, have 3).
   746 | D:2      | 746 ||| SHOPLISTING +6 ring of dexterity (360 gold, have
                  | 3).
   746 | D:2      | 746 ||| SHOPLISTING amulet of Neor {RegenMP rF+} (440 gold,
                  | have 3).
   746 | D:2      | 746 ||| SHOPLISTING ring of Joacs {*Slow rPois rC+ rN+
                  | Will+} (418 gold, have 3).
   746 | D:2      | 746 ||| SHOPLISTING ring of poison resistance (200 gold,
                  | have 3).
   746 | D:2      | 746 ||| SHOPLISTING ring of resist corrosion (200 gold,
                  | have 3).
   894 | D:2      | Reached skill level 7 in Ranged Weapons
  1099 | D:2      | Reached XP level 4. HP: 25/25 MP: 6/6
  1496 | D:2      | 1496 ||| READING 2 scrolls labelled EFRUIRE JEOCU.
  1497 | D:2      | 1497 ||| READING scroll labelled ASTRAU KUHEURU.
  1498 | D:2      | 1498 ||| READING scroll labelled RIUWNO NABIEH.
  1499 | D:2      | 1499 ||| READING 4 scrolls of identify.
  1499 | D:2      | 1499 ||| IDENTIFYING smoky cyan potion
  1500 | D:2      | 1500 ||| DROPPING scroll of revelation.
  1520 | D:3      | Found a burning altar of Makhleb.
  1677 | D:3      | Noticed Ijyb
  1689 | D:3      | Killed Ijyb
  1690 | D:3      | Reached skill level 8 in Ranged Weapons
  1843 | D:3      | Found an ornate altar of the Wu Jian Council.
  2133 | D:3      | 2133 ||| UPGRADING to +2 ring mail of positive energy.
  2143 | D:3      | 2143 ||| DROPPING +0 ring mail.
  2162 | D:3      | 2162 ||| READING scroll labelled LOIKHL KODAUT.
  2163 | D:3      | 2163 ||| READING 4 scrolls of identify.
  2163 | D:3      | 2163 ||| IDENTIFYING viscous golden potion
  2175 | D:3      | 2175 ||| DROPPING potion of attraction.
  2223 | D:4      | Reached XP level 5. HP: 29/29 MP: 7/7
  2246 | D:4      | Noticed a phantom
  2257 | D:4      | Killed a phantom
  2258 | D:4      | Reached skill level 9 in Ranged Weapons
  2506 | D:4      | Found a staircase to the Ecumenical Temple.
  2507 | D:4      | 2507 ||| PLANNING TEMPLE
  2507 | D:4      | 2507 ||| READING scroll labelled QAERO OSHEBBEZ.
  2612 | Temple   | Entered the Ecumenical Temple
  2769 | Temple   | 2769 ||| PLANNING D:1-11
  2879 | D:4      | Found a shadowy altar of Dithmenos.
  3138 | D:4      | Reached XP level 6. HP: 35/35 MP: 8/8
  3427 | D:5      | Entered Level 5 of the Dungeon
  3472 | D:5      | Reached skill level 10 in Ranged Weapons
  3755 | D:5      | Reached skill level 3 in Dodging
  3897 | D:5      | Noticed an ice beast
  3914 | D:5      | Killed an ice beast
  3915 | D:5      | Reached skill level 1 in Armour
  3915 | D:5      | Reached XP level 7. HP: 40/40 MP: 9/9
  3935 | D:5      | Identified the ring of Uruwatt {Fly Slay+4}
  3948 | D:5      | Noticed a wraith
  3958 | D:5      | HP: 10/40 [wraith (4)]
  3959 | D:5      | 3959 ||| READING 2 scrolls of teleportation.
  3961 | D:5      | HP: 1/40 [wraith (10)]
  4144 | D:5      | HP: 3/40 [wyvern simulacrum (12)]
  4145 | D:5      | 4145 ||| READING scroll of teleportation.
  4147 | D:5      | Mangled by a water moccasin simulacrum

Levels and vault maps discovered:
D:1:      mushboom_english_gardens, layout_loops_ring
D:2:      layout_loops_corners, serial_shops, shop, nicolae_shop_stone,
          grunt_decor_one_mirror, nicolae_elevator_lobby_asterisk
D:3:      layout_loops_cross, nicolae_wu_jian_glorious_leap,
          mainiacjoe_overflow_small_starburst, uniq_ijyb
D:4:      layout_gridville, mainiacjoe_overflow_alcove_1,
          minmay_temple_entry_mini_moons, serial_co_window_serial,
          co_window_paths_a, co_window_paths_a, co_window_of_opportunity_a,
          co_window_of_opportunity_a, co_window_corner_a, co_window_paths_b,
          co_window_paths_a, co_window_paths_a, co_window_paths_b,
          co_window_paths_c, co_window_cross_2, co_window_of_opportunity_b,
          co_window_broadway_a, co_window_cross_3
D:5:      layout_basic, dilly_guarded_unrand_morg
Temple:   bh_familiar_temple

Skill      XL: |  1  2  3  4  5  6 |
---------------+-------------------+-----
Ranged Weapons | 6 7 8 9 10 | 10.6
Fighting       | 2 |  2.0
Dodging        | 3 |  3.8
Armour         | 1 |  1.8
Stealth        | |  1.2

Action                     |  1- 3 |  4- 6 |  7- 9 || total
---------------------------+-------+-------+-------++-------
   Fire: Shortbow          |    91 |   154 |    26 ||   271
    Use: Scroll            |     6 |     7 |     2 ||    15
 Armour: Leather armour    |    11 |       |       ||    11
         Ring mail         |     1 |    32 |     4 ||    37
  Dodge: Dodged            |    29 |    36 |    21 ||    86

Table legend:
 A = Non-vault XP
 B = Vault XP
 C = Vault XP percentage of total XP
 D = Non-vault monster count
 E = Vault monster count
 F = Vault count percentage of total count
                 A         B        C        D         E       F
            +---------+---------+-------+---------+---------+-------
      Total |     807 |     166 |  17.1 |      76 |       3 |   3.8
            +---------+---------+-------+---------+---------+-------
        D:1 |      53 |       0 |   0.0 |      20 |       0 |   0.0
        D:2 |      85 |       0 |   0.0 |      24 |       0 |   0.0
        D:3 |      18 |      36 |  66.7 |      10 |       1 |   9.1
        D:4 |     225 |       0 |   0.0 |      10 |       0 |   0.0
        D:5 |     426 |     130 |  23.4 |      12 |       2 |  14.3
            +---------+---------+-------+---------+---------+-------
